 Dungeon Crawl Stone Soup version 0.30-a0-1094-g860fb061e7 (webtiles) character file.

Game seed: 11216495624495199308

65 themarg the Caller (level 4, 0/30 HPs)
             Began as a Merfolk Summoner on Apr 18, 2023.
             Slain by a goblin
             ... wielding a +0 dagger
             ... led by Robin
              (2 damage)
             ... on level 2 of the Dungeon.
             The game lasted 00:04:35 (2075 turns).

themarg the Caller (Merfolk Summoner)               Turns: 2075, Time: 00:04:36

Health: 0/30       AC:  3    Str:  8    XL:     4   Next: 14%
Magic:  3/7        EV: 12    Int: 16    God:
Gold:   111        SH:  0    Dex: 14    Spells: 1/7 levels left

rFire   . . .      SeeInvis .    p - +0 dagger (venom)
rCold   . . .      Faith    .    (no shield)
rNeg    . . .      Spirit   .    a - +0 robe
rPois   +          Reflect  .    (no helmet)
rElec   .          Rampage  .    o - +0 cloak
rCorr   .                        (no gloves)
Will    +....                    (no boots)
Stlth   ++                       (no amulet)
HPRegen 0.25/turn                l - ring of willpower
MPRegen 0.10/turn                q - ring of poison resistance

@: no status effects
A: (nimble swimmer 2), mertail
a: no special abilities


You were on level 2 of the Dungeon.
You visited 1 branch of the dungeon, and saw 2 of its levels.

You collected 111 gold pieces.

Inventory:

Hand Weapons
 p - a +0 dagger of venom (weapon)
Missiles
 i - 21 stones
Armour
 a - a +0 robe (worn)
 c - a +0 helmet
 o - a +0 cloak (worn)
Jewellery
 e - a ring of ice
 l - a ring of willpower (left hand)
 q - a ring of poison resistance (right hand)
Scrolls
 f - a scroll of enchant weapon {unknown}
 j - 3 scrolls of identify {unknown}
 m - a scroll of enchant armour {unknown}
 r - a scroll of teleportation {unknown}
 s - a scroll of fear {unknown}
 t - a scroll of fog {unknown}
Potions
 d - a potion of attraction {unknown}
 g - 2 potions of ambrosia {unknown}
 h - a potion of degeneration {unknown}
 k - a potion of curing
 n - 2 potions of heal wounds {unknown}


   Skills:
 - Level 2.6 Dodging
 - Level 3.0 Stealth
 - Level 2.0 Spellcasting
 + Level 5.3 Summonings


You had one spell level left.
You knew the following spells:

 Your Spells              Type           Power      Damage    Failure   Level
a - Summon Small Mammal   Summ           72%        N/A       2%          1
b - Call Imp              Summ           36%        N/A       3%          2
c - Call Canine Familiar  Summ           18%        N/A       7%          3

Your spell library contained the following spells:

 Spells                   Type           Power      Damage    Failure   Level
 Apportation              Tloc           2%         N/A       21%         1
 Necrotise                Necr           4%         1d4       21%         1
 Summon Guardian Golem    Hex/Summ       10%        N/A       22%         3
 Lesser Beckoning         Tloc           2%         N/A       30%         2
 Gell's Gravitas          Tloc           1%         N/A       52%         3
 Teleport Other           Tloc           1%         N/A       52%         3
 Summon Lightning Spire   Summ/Air       10%        N/A       56%         4


Dungeon Overview and Level Annotations

Branches:
Dungeon (2/15)

Altars:

Annotations:
D:1 1 transporter
D:2 Robin


Innate Abilities, Weirdness & Mutations

((You are very nimble when in or above water. (Stealth+, EV+, Speed+++)))
Your lower body shifts to a powerful aquatic tail in water.


Message History

The goblin barely misses your cerulean imp.
The goblin misses you. The goblin hits you with a +0 dagger.
* * * LOW HITPOINT WARNING * * *
The goblin hits you with a +0 dagger.
* * * LOW HITPOINT WARNING * * *
Your hound bites Robin but does no damage.
Your cerulean imp hits the worm from afar with a -2 spear.
Your rat closely misses the goblin.
You feel better.
Your hound bites the worm.
The goblin hits you but does no damage.
The goblin hits your rat with a +0 dagger.
The goblin misses you. The goblin hits you with a +0 dagger.
* * * LOW HITPOINT WARNING * * *
The goblin hits your cerulean imp with a +0 club.
Your cerulean imp dies!
Your cerulean imp disappears in a puff of smoke!
Your rat misses the goblin.
You don't have enough magic to cast this spell.
Magic courses through your body.
The goblin no longer looks unusually strong.
The worm barely misses something.
The goblin barely misses you. The goblin closely misses you.
The goblin barely misses you.
Your rat barely misses the goblin.
The spell is quite dangerous to miscast (7% risk of failure)!
Continue anyway?
The goblin closely misses you. The goblin hits you with a +0 dagger.
* * * LOW HITPOINT WARNING * * *
Robin roars a battlecry!
The goblin goes into a battle-frenzy!
The goblin closely misses you. The goblin hits you but does no damage.
The goblin hits you with a +0 dagger.
* * * LOW HITPOINT WARNING * * *
Your rat bites the goblin.
The goblin dies!
The goblin no longer looks unusually strong.
The goblin hits you with a +0 club.
* * * LOW HITPOINT WARNING * * *
Robin throws the goblin at you!
* * * LOW HITPOINT WARNING * * *
The goblin hits you with a +0 dagger.
You die...

###############.#.#
#..)....... ###.#
#.....##..#
#####'###.....##...
#.............##.##
#.............##.##
#.............##.## ..
#.r...........##.##
..).###ggg.....#######.##
...h§)gg@h.............##
.....w§†rg........#######
.....############.####...
###.. #.#...... ##
#.#.##.#. #.#.##.#.
#.#....#. #.######.
#........


You could see a worm, Robin, 5 goblins, a friendly hound (summoned), a friendly
quokka (summoned) and a friendly rat (summoned).

Vanquished Creatures
  A dart slug (D:2)
  A worm (D:2)
  A ball python (D:2)
  A giant cockroach (D:1)
  A goblin (D:2)
  2 hobgoblins
  A bat (D:2)
  A rat (D:2)
9 creatures vanquished.

Vanquished Creatures (collateral kills)
  2 adders (D:2)
  A dart slug (D:1)
  An endoplasm (D:2)
  7 goblins
  3 hobgoblins
  A jackal (D:2)
  3 kobolds (D:2)
  6 ball pythons
  2 bats (D:1)
  2 frilled lizards
  3 rats
31 creatures vanquished.

Grand Total: 40 creatures vanquished

Notes
Turn   | Place    | Note
-------+----------+-------------------------------------------
     0 | D:1      | themarg the Merfolk Summoner began the quest for the Orb.
     0 | D:1      | Reached XP level 1. HP: 13/13 MP: 3/3
   242 | D:1      | Reached XP level 2. HP: 19/19 MP: 1/5
   245 | D:1      | Learned a level 2 spell: Call Imp
  1344 | D:2      | Reached XP level 3. HP: 24/24 MP: 1/6
  1348 | D:2      | Learned a level 3 spell: Call Canine Familiar
  1733 | D:2      | Reached skill level 5 in Summonings
  1836 | D:2      | Reached XP level 4. HP: 29/30 MP: 4/7
  2063 | D:2      | Noticed Robin
  2075 | D:2      | Slain by a goblin

Illustrated notes

Levels and vault maps discovered:
D:1:      spicycebolla_arrival_risky_transporter, layout_basic
D:2:      minmay_thinvault, layout_basic, uniq_robin

Skill      XL: |  1  2  3 |
---------------+----------+-----
Stealth        | 3 |  3.0
Summonings     | 5 |  5.3
Dodging        | |  2.6
Spellcasting   | |  2.0

Action                     |  1- 3 |  4- 6 || total
---------------------------+-------+-------++-------
  Melee: Dagger            |    43 |     4 ||    47
   Cast: Summon Small Mamm |    31 |     3 ||    34
         Call Imp          |     9 |     2 ||    11
         Call Canine Famil |     3 |     3 ||     6
    Use: Potion            |       |     3 ||     3
   Stab: Distracted        |     2 |       ||     2
 Armour: Robe              |    12 |     6 ||    18
  Dodge: Dodged            |    29 |    13 ||    42

Table legend: (Time is in decaauts)
 A = Elapsed time spent in this place.
 B = Non-inter-level travel time spent in this place.
 C = Inter-level travel time spent in this place.
 D = Time resting spent in this place.
 E = Time spent auto-exploring this place.
 F = Levels seen in this place.
 G = Mean time per level.
                   A        B        C        D        E       F      G
               +--------+--------+--------+--------+--------+-----+--------+
         Total |   2072 |   2011 |     61 |     28 |   1655 |   2 | 1036.0 |
       Dungeon |   2072 |   2011 |     61 |     28 |   1655 |   2 | 1036.0 |
               +--------+--------+--------+--------+--------+-----+--------+

Top non-repeatable levels by time:
     D:2: 1078 daAuts
     D:1: 994 daAuts
